 Dungeon Crawl Stone Soup version 0.29-a0-359-g541a27f54d (webtiles) character file.

Game seed: 959515494914125209

89 Zeldest the Shield-Bearer (level 4, -1/42 HPs)
             Began as a Deep Dwarf Fighter on Apr 28, 2022.
             Slain by an iguana (7 damage)
             ... on level 3 of the Dungeon.
             The game lasted 00:00:58 (692 turns).

Zeldest the Shield-Bearer (Deep Dwarf Fighter)       Turns: 692, Time: 00:00:58

Health: -1/42      AC:  8    Str: 22    XL:     4   Next: 31%
Magic:  3/3        EV:  9    Int:  8    God:
Gold:   134        SH:  5    Dex: 12    Spells: 3/3 levels left

rFire   . . .      SeeInvis .   a - +0 war axe
rCold   . . .      Faith    .   c - +0 buckler
rNeg    . . .      Spirit   .   b - +0 scale mail
rPois   .          Reflect  .   k - +0 helmet
rElec   .          Harm     .   (no cloak)
rCorr   .          Rampage  .   (no gloves)
Will    .....                   (no boots)
Stlth   ..........              (no amulet)
HPRegen 0.00/turn               (no ring)
MPRegen 0.08/turn               (no ring)

@: no status effects
A: damage resistance, heal wounds, sense surroundings 1, no regeneration
a: Heal Wounds


You were on level 3 of the Dungeon.
You visited 1 branch of the dungeon, and saw 3 of its levels.

You collected 134 gold pieces.

Inventory:

Hand Weapons
 a - a +0 war axe (weapon)
Armour
 b - a +0 scale mail (worn)
 c - a +0 buckler (worn)
 k - a +0 helmet (worn)
Jewellery
 m - an amulet of guardian spirit
Scrolls
 f - a scroll of enchant armour {unknown}
 h - 5 scrolls of identify {unknown}
Potions
 d - 2 potions of might
 e - a potion of heal wounds {unknown}
 g - a potion of berserk rage {unknown}
 i - 3 potions of curing {unknown}
 j - a potion of brilliance {unknown}
 l - a potion of magic {unknown}
 n - a potion of mutation {unknown}


   Skills:
 + Level 3.1 Fighting
 * Level 3.6 Axes
 + Level 3.8 Armour
 + Level 3.9 Shields


You had 3 spell levels left.
You didn't know any spells.
Your spell library contained the following spells:

 Spells                   Type           Power      Damage    Failure   Level
 Call Canine Familiar     Summ           0%         N/A       99%         3
 Portal Projectile        Hex/Tloc       0%         N/A       99%         3
 Leda's Liquefaction      Hex/Erth       0%         N/A       100%        4


Dungeon Overview and Level Annotations

Branches:
Dungeon (3/15)

Altars:


Innate Abilities, Weirdness & Mutations

You are resistant to damage.
You can heal yourself by infusing magical energy.
You passively map a small area around you.
You do not regenerate.


Message History

A bat is nearby!
You completely miss the bat. The bat hits you but does no damage. x2
A bat is nearby!
You hit the bat.
You kill the bat!
n - a ruby potion No target in view!
i - 3 fuming orange potions (gained 2)
An iguana comes into view.
The iguana hisses angrily.
Found a book of Callings.
An iguana is nearby!
The iguana bites you but does no damage.
An iguana is nearby!
You slash the iguana!
The iguana is heavily wounded.
The iguana bites you but does no damage.
The iguana bites you!
An iguana is nearby!
You completely miss the iguana.
The iguana is heavily wounded.
You block the iguana's attack.
You barely miss the iguana.
The iguana is heavily wounded.
The iguana barely misses you.
You slash the iguana!
The iguana is almost dead.
The iguana bites you! The iguana bites you.
An iguana is nearby!
You hit the iguana.
The iguana is almost dead.
The iguana bites you!
* * * LOW HITPOINT WARNING * * *
An iguana is nearby!
You are too injured to fight recklessly!
You are too injured to fight recklessly!
You barely miss the iguana.
The iguana is almost dead.
You block the iguana's attack. The iguana bites you!
You die...

,, .## , * ...### * # ,
#>..##### .###, ,
..#.....# #....
#.#.....## ###...# ** *
#.#.>....###...# *
#.#..........####..#. ,
, #....†.......@l....:.
#.<.................. ,
...........###...####.##
..####.....# ###...* #
#.....# ###.#*, * * *
#.....# .#* ,* < ##!####
* . ,* * #.# * .. , .#
*,*


You could see an iguana.

Vanquished Creatures
  3 adders (D:2)
  3 worms (D:2)
  2 dart slugs (D:2)
  2 endoplasms (D:2)
  A giant cockroach (D:1)
  9 goblins
  11 hobgoblins
  3 kobolds
  A quokka (D:1)
  A ball python (D:1)
  5 bats
  3 frilled lizards
  A rat (D:2)
45 creatures vanquished.

Notes
Turn   | Place    | Note
-------+----------+-------------------------------------------
     0 | D:1      | Zeldest the Deep Dwarf Fighter began the quest for the Orb.
     0 | D:1      | Reached XP level 1. HP: 20/20 MP: 1/1
    79 | D:1      | Reached XP level 2. HP: 27/27 MP: 2/2
   142 | D:1      | You fall into a shaft and drop 1 floor!
   262 | D:2      | Reached XP level 3. HP: 21/34 MP: 3/3
   360 | D:2      | Reached XP level 4. HP: 32/42 MP: 3/3
   692 | D:3      | Slain by an iguana

Illustrated notes

Levels and vault maps discovered:
D:1:      ebering_hopf_link, layout_basic, chequers_ecumenical_altar_simple
D:2:      cheibrodos_greedy_goblins, layout_basic
D:3:      layout_rooms, cheibrodos_sewer_entry_sluice

Skill      XL: |  1  2 |
---------------+-------+-----
Fighting       | 3 |  3.1
Axes           | 3 |  3.6
Armour         | |  3.8
Shields        | |  3.9

Action                   |  1- 3 |  4- 6 || total
-------------------------+-------+-------++-------
Melee: War axe           |    85 |    32 ||   117
 Abil: Heal Wounds       |     1 |       ||     1
Armor: Scale mail        |    43 |    10 ||    53
Dodge: Dodged            |    50 |    11 ||    61
Block: Buckler           |    23 |     9 ||    32

Table legend: (Time is in decaauts)
 A = Elapsed time spent in this place.
 B = Non-inter-level travel time spent in this place.
 C = Inter-level travel time spent in this place.
 D = Time resting spent in this place.
 E = Time spent auto-exploring this place.
 F = Levels seen in this place.
 G = Mean time per level.
                   A        B        C        D        E       F      G
               +--------+--------+--------+--------+--------+-----+--------+
         Total |    737 |    723 |     14 |      0 |    458 |   3 |  245.7 |
       Dungeon |    737 |    723 |     14 |      0 |    458 |   3 |  245.7 |
               +--------+--------+--------+--------+--------+-----+--------+

Top non-repeatable levels by time:
     D:2: 553 daAuts
     D:1: 159 daAuts
     D:3: 24 daAuts
